 Dungeon Crawl Stone Soup version 0.19-a0-1922-g1e9a4c1 (webtiles) character file.

54479 Lochraine the Brawler (level 14, -9/149 HPs)
             Began as a Troll Fighter on Oct 24, 2016.
             Was a Follower of Uskayaw.
             Mangled by a death yak (53 damage)
             ... on level 6 of the Lair of Beasts.
             The game lasted 01:17:09 (15633 turns).

Lochraine the Brawler (Troll Fighter)              Turns: 15633, Time: 01:17:09

Health: -9/149     AC: 17    Str: 27    XL:     14   Next: 34%
Magic:  17/17      EV: 17    Int:  4    God:    Uskayaw [*.....]
Gold:   1152       SH: 14    Dex: 15    Spells: 0 memorised, 13 levels left

rFire  + . .     SeeInvis +       - Unarmed
rCold  . . .     Gourm    +     Q - +2 robe {rF+}
rNeg   . . .     Faith    .     b - +0 shield
rPois  .         Spirit   .     g - +2 hat {SInv}
rElec  .         Reflect  +     l - +2 cloak {+Inv}
rCorr  .         Harm     .     (gloves unavailable)
MR     +....                    (boots unavailable)
Stlth  +.........               K - +2 amulet of reflection
                                s - +5 ring of protection
                                V - +3 ring of evasion

@: lethally poisoned (-9 -> -9), very slightly contaminated, hasted, very quick
A: unfitting armour, claws 3, agile 1, fast metabolism 3, gourmand, regeneration
1, robust 1, shaggy fur 1, tough skin 2
a: Stomp, Renounce Religion, Evoke Invisibility


You were on level 6 of the Lair of Beasts.
You worshipped Uskayaw.
Uskayaw was noncommittal.
You were very full.

You visited 3 branches of the dungeon, and saw 20 of its levels.
You also visited: Labyrinth, Sewer and Ossuary.

You collected 1284 gold pieces.
You spent 132 gold pieces at shops.

Inventory:

Missiles
 k - 2 large rocks (quivered)
Armour
 b - a +0 shield (worn)
 g - a +2 hat of see invisible (worn)
 l - a +2 cloak of invisibility (worn)
 Q - a +2 robe of fire resistance (worn)
Rods
 a - a +5 rod of clouds (5/10)
   (You found it in a labyrinth)
 T - a +0 lightning rod (14/14)
   (You found it in a labyrinth)
Jewellery
 s - a +5 ring of protection (right claw)
 C - an uncursed ring of protection from cold
 K - a +2 amulet of reflection (around neck)
 N - an uncursed ring of flight
 V - a +3 ring of evasion (left claw)
Wands
 e - a wand of acid (6/15)
 p - a wand of lightning (3/15)
 v - a wand of polymorph (10/24)
 w - a wand of iceblast (8/15)
 F - a wand of lightning (8/15)
 H - a wand of flame (32/48)
 M - a wand of lightning (8/15)
 O - a wand of polymorph (16/24)
 P - a wand of paralysis (22/24)
Scrolls
 h - 6 scrolls of remove curse
 i - 6 scrolls of teleportation
 j - 3 scrolls of blinking
 q - 3 scrolls of identify
 u - a scroll of enchant armour
 y - 2 scrolls of recharging
 E - 4 scrolls of enchant weapon
 I - 3 scrolls of fear
 L - 3 scrolls of fog
 R - a scroll of magic mapping
Potions
 c - 2 potions of resistance
 m - 2 potions of cancellation
 r - 16 potions of curing
 t - 5 potions of brilliance
 x - 2 potions of cure mutation
 z - a potion of invisibility
 A - 3 potions of heal wounds
 B - a potion of berserk rage
 D - 3 potions of magic
 J - a potion of flight
 U - a potion of agility
 Y - 2 potions of ambrosia
 Z - 2 potions of haste
Books
 G - a book of Minor Magic

   Spells                             Type                      Level
   a - Magic Dart                     Conjuration                  1
   b - Blink                          Translocation                2
   c - Call Imp                       Summoning                    2
   d - Repel Missiles                 Charms/Air                   2
   e - Slow                           Hexes                        2
   f - Conjure Flame                  Conjuration/Fire             3
   g - Mephitic Cloud                 Conjuration/Poison/Air       3
 S - a book of Debilitation

   Spells                             Type                      Level
   a - Corona                         Hexes                        1
   b - Slow                           Hexes                        2
   c - Gell's Gravitas                Hexes/Translocation          3
   d - Inner Flame                    Hexes/Fire                   3
   e - Cause Fear                     Hexes                        4
   f - Leda's Liquefaction            Hexes/Earth                  4
Comestibles
 d - 11 bread rations
 f - 2 royal jellies
 n - 4 slices of pizza
 o - 9 meat rations
 W - 32 fruits


   Skills:
 - Level 8.1 Fighting
 - Level 4.1 Armour
 - Level 7.8 Dodging
 - Level 9.0 Shields
 * Level 15.7 Unarmed Combat
 + Level 6.4 Invocations
 + Level 5.7 Evocations


You had 13 spell levels left.
You didn't know any spells.

Dungeon Overview and Level Annotations

Branches:
Dungeon (13/15)            Temple (1/1) D:6            Lair (6/6) D:11
 Shoals (0/4) Lair:4        Snake (0/4) Lair:2        Slime (0/5) Lair:6
    Orc (0/2) D:10
 Vaults: D:13-14

Altars:
Ashenzari
Cheibriados
Dithmenos
Elyvilon
Fedhas
Gozag
Hepliaklqana
Kikubaaqudgha
Makhleb
Nemelex Xobeh
Okawaru
Qazlal
Ru
Sif Muna
Trog
Uskayaw
Vehumet
Xom
Yredelemnul
Zin
The Shining One
Beogh
Jiyva

Shops:
D:7 }   D:8 =   D:9 (*

Annotations:
D:3 Xiguana's ghost, amateur HESk


Innate Abilities, Weirdness & Mutations

You are too large for most types of armour.
You have claws for hands.
Your metabolism is lightning-fast.
You like to eat raw meat.
Your natural rate of healing is unusually fast.
You are covered in fur. (AC +1)
You have very tough skin. (AC +2)
You are agile. (Dex +2)
You are robust. (+10% HP)


Message History

Zapping:
v - a wand of polymorph (will waste charges)
Press: ? - help, Shift-Dir - straight line, f - death yak
Aim: a death yak (moderately wounded, chance to defeat MR: 4%)
Okay, then.
Unknown command.
You feel sick.
You feel sick.
The dream sheep ruffle their wool and motes of dream dust sparkle, to no effect.
The dream sheep bites the plant but does no damage.
Okay, then.
You feel yourself speed up.
You feel sick. The death yak barely misses you.
You are very lightly contaminated with residual magic.
A death yak comes into view.
The dream sheep shake their wool and sparkle.
You feel drowsy...
You fall asleep.
You feel sick.
The dream sheep bites the plant.
You feel sick. The death yak closely misses you.
The dream sheep bites the plant.
You feel sick. The death yak gores you!!!
You wake up.
You die...

#...#.P...P#≈.[.≈≈≈P.≈.≈.≈≈
##.....P.....P.≈≈†P≈≈≈≈≈≈.≈
###.P..P.......≈≈≈≈≈.≈≈≈≈≈.
#.#.........≈≈.≈≈≈≈≈≈≈.≈≈.≈
#............≈.≈≈≈≈≈P≈≈≈≈
##............P≈≈.≈≈≈≈≈≈.
###..........≈≈≈≈≈≈≈≈P≈≈
#..........≈≈≈≈≈≈≈≈###
##.....@...≈≈≈≈≈##P#
#....YY.#.≈≈P######≈
###....Y.#P######≈..≈
#####.##.....#####≈≈≈Y≈≈≈≈P≈
##.##.###.#..Y.#..P≈.≈≈P≈≈≈≈≈
#.#.....###.#YP#YYY..≈≈≈≈.≈.≈
##.....######YY#.≈.....≈.≈≈≈≈
#........# #.#..†..≈.Y....;≈≈
#......[.###.#..Y............


You could see 3 death yaks and 4 dream sheep.

Vanquished Creatures
  Gastronok (D:9)
  The ghost of WildSam the Spear-Bearer, a journeyman DsNe of Hepliaklqana (Lair:2)
  The ghost of vev the Basher, a journeyman DgVM (Lair:3)
  A minotaur (Lab)
  6 hydras
  A catoblepas (Lair:6)
  4 death yaks
  2 unseen horrors
  2 hill giants
  2 lindwurms
  Pikel (D:4)
  An ugly thing (D:11)
  A siren (Lair:4)
  10 elephants
  Maurice (D:8)
  Joseph (D:8)
  3 black mambas
  A torpor snail (Lair:2)
  22 spiny frogs
  A rime drake (Lair:6)
  5 komodo dragons
  The ghost of varam the Ruffian, an amateur TrMo (D:5)
  3 trolls (D:10)
  A two-headed ogre (D:9)
  2 tyrant leeches (Lair:6)
  A hornet (D:12)
  8 hippogriffs
  14 dream sheep (Lair:6)
  10 blink frogs
  7 slime creatures
  2 wraiths (D:12)
  31 yaks
  A basilisk (Lair:5)
  2 hungry ghosts
  Menkaure (D:5)
  6 vampire mosquitoes
  A naga (Lair:2)
  2 soldier ants (D:12)
  12 water moccasins
  2 porcupines
  Duvessa (D:7)
  4 black bears
  6 orc warriors
  2 ice beasts
  3 sky beasts
  2 slaves (D:4)
  3 ogres
  5 centaurs
  10 crocodiles
  4 big kobolds
  5 elf zombies (Ossuary)
  An earth elemental (Lab)
  25 bullfrogs
  Blork the orc (D:4)
  A gnoll sergeant (D:7)
  Dowan (D:7)
  A wyvern skeleton (D:11)
  6 scorpions
  11 killer bees
  12 wights
  3 electric eels (Lair:6)
  2 centaur zombies
  2 crimson imps
  A bullfrog zombie (D:10)
  3 quasits
  2 bullfrog skeletons
  8 hounds
  3 centaur skeletons
  12 orc priests
  5 jellies
  Crazy Yiuf (D:6)
  Jessica (D:2)
  6 iguanas
  5 worker ants
  6 hell rats (Lair:5)
  14 orc wizards
  3 hound skeletons
  2 mummies (Ossuary)
  A worker ant zombie (D:8)
  20 gnolls
  18 adders
  A river rat (Sewer)
  A shadow imp (D:8)
  4 oozes
  An adder skeleton (D:5)
  An adder zombie (Ossuary)
  4 worms
  A dart slug (D:2)
  9 leopard geckos
  51 orcs
  11 giant cockroaches
  6 goblins
  6 hobgoblins
  4 jackals (D:1)
  16 kobolds
  5 quokkas
  6 ball pythons
  9 bats
  4 frilled lizards
  A giant cockroach zombie (D:5)
  3 goblin zombies (Ossuary)
  8 hobgoblin zombies (Ossuary)
  2 jackal zombies (Ossuary)
  9 kobold zombies (Ossuary)
  A leopard gecko zombie (D:5)
  7 orc zombies (Ossuary)
  A quokka skeleton (D:9)
  13 rats
  A rat zombie (Ossuary)
  A fungus (Lair:2)
584 creatures vanquished.

Vanquished Creatures (others)
  A manticore (D:12)
  A quokka (D:4)
  A bush (Lair:6)
  12 fungi (Lair:6)
  53 plants (Lair:6)
68 creatures vanquished.

Grand Total: 652 creatures vanquished

Notes
Turn   | Place    | Note
-------+----------+-------------------------------------------
     0 | D:1      | Lochraine the Troll Fighter began the quest for the Orb.
     0 | D:1      | Reached XP level 1. HP: 22/22 MP: 0/0
   120 | D:1      | Reached XP level 2. HP: 20/29 MP: 1/1
   152 | D:1      | Found a shattered altar of Ashenzari.
   602 | D:1      | Reached XP level 3. HP: 35/36 MP: 2/2
   862 | D:2      | Reached skill level 3 in Unarmed Combat
  1093 | D:2      | Reached XP level 4. HP: 39/45 MP: 3/3
  1327 | D:2      | Noticed Jessica
  1341 | D:2      | Killed Jessica
  1502 | D:2      | Reached XP level 5. HP: 42/53 MP: 4/4
  1583 | D:3      | Reached skill level 4 in Unarmed Combat
  1740 | D:3      | Reached XP level 6. HP: 55/61 MP: 5/5
  1926 | D:3      | Noticed Xiguana's ghost (amateur HESk)
  2226 | D:4      | Noticed a slave
  2228 | D:4      | Noticed Blork the orc
  2244 | D:4      | Killed a slave
  2247 | D:4      | Noticed a slave
  2272 | D:4      | Killed a slave
  2312 | D:4      | Noticed Pikel
  2313 | D:4      | Noticed a slave
  2325 | D:4      | Killed Pikel
  2325 | D:4      | Reached skill level 5 in Unarmed Combat
  2325 | D:4      | Reached XP level 7. HP: 50/70 MP: 6/6
  2329 | D:4      | Killed Blork the orc
  2387 | D:4      | Reached skill level 6 in Unarmed Combat
  2508 | D:4      | Got a brightly glowing hunting sling
  2509 | D:4      | Identified the +7 hunting sling of the Revolution {venom, rPois Int-2 Dex+4} (You found it on level 4 of the Dungeon)
  2826 | D:4      | Reached XP level 8. HP: 78/78 MP: 7/7
  2871 | D:5      | Entered Level 5 of the Dungeon
  2873 | D:5      | Noticed varam's ghost (amateur TrMo)
  2882 | D:5      | Killed varam's ghost
  3069 | D:5      | Found a sparkling altar of Nemelex Xobeh.
  3153 | D:5      | Reached skill level 7 in Unarmed Combat
  3166 | D:5      | Found a basalt altar of Yredelemnul.
  3322 | D:5      | Reached skill level 5 in Fighting
  3341 | D:5      | Found an iron altar of Okawaru.
  3341 | D:5      | Found a glowing golden altar of the Shining One.
  3346 | D:5      | Found a faded altar of an unknown god.
  3350 | D:5      | Found a faded altar of an unknown god.
  3352 | D:5      | Found a bloodstained altar of Trog.
  3429 | D:5      | Noticed Menkaure
  3431 | D:5      | Killed Menkaure
  3564 | D:5      | Found a glowing drain.
  3587 | Sewer    | Entered a sewer
  3671 | Sewer    | Reached XP level 9. HP: 82/88 MP: 8/8
  3749 | Sewer    | Reached skill level 5 in Dodging
  3925 | D:6      | Reached skill level 5 in Shields
  3925 | D:6      | Reached skill level 8 in Unarmed Combat
  3996 | D:6      | Found a staircase to the Ecumenical Temple.
  4304 | D:6      | Found a runed door.
  4567 | D:6      | Noticed Crazy Yiuf
  4571 | D:6      | Killed Crazy Yiuf
  4604 | Temple   | Entered the Ecumenical Temple
  4686 | Temple   | Became a worshipper of Uskayaw the Reveler
  4761 | D:7      | Noticed Duvessa
  4763 | D:7      | Noticed Dowan
  4767 | D:7      | Reached * piety under Uskayaw
  4768 | D:7      | Killed Duvessa
  4772 | D:7      | Reached ** piety under Uskayaw
  4773 | D:7      | Killed Dowan
  4805 | D:7      | Reached *** piety under Uskayaw
  4816 | D:7      | Reached **** piety under Uskayaw
  4823 | D:7      | Reached ***** piety under Uskayaw
  5056 | D:7      | Reached skill level 9 in Unarmed Combat
  5111 | D:7      | Found Aroali's Gadget Shop.
  5511 | D:8      | Reached XP level 10. HP: 65/98 MP: 9/9
  5513 | D:8      | Found Hiwnauwaets's Jewellery Shop.
  5630 | D:8      | Found a sand-covered staircase.
  5635 | Ossuary  | Entered an ossuary
  5966 | D:8      | Noticed Maurice
  5967 | D:8      | Noticed Joseph
  6096 | D:8      | Killed Maurice
  6104 | D:8      | Killed Joseph
  6104 | D:8      | Reached skill level 10 in Unarmed Combat
  6477 | D:9      | Found Epnicuos's Assorted Antiques.
  6484 | D:9      | Found Qigu's Weapon Shop.
  6485 | D:9      | Bought a metallic puce potion for 31 gold pieces
  6485 | D:9      | Bought a scroll labeled LEBULAPYMAEJ for 35 gold pieces
  6485 | D:9      | Bought a scroll labeled ERCHECSUSSA for 35 gold pieces
  6485 | D:9      | Bought a smoky red potion for 31 gold pieces
  6595 | D:9      | Noticed a death knight
  6757 | D:9      | Found a burning altar of Makhleb.
  6759 | D:9      | Found a glowing silver altar of Zin.
  6762 | D:9      | Found a deep blue altar of Sif Muna.
  7091 | D:9      | Gained mutation: You are robust. (+10% HP) [potion of beneficial mutation]
  7092 | D:9      | Gained mutation: You are agile. (Dex +2) [potion of beneficial mutation]
  7144 | D:9      | Noticed Gastronok
  7162 | D:9      | Killed Gastronok
  7162 | D:9      | Reached skill level 1 in Armour
  7162 | D:9      | Reached skill level 11 in Unarmed Combat
  7162 | D:9      | Reached XP level 11. HP: 119/119 MP: 10/10
  7333 | D:10     | Entered Level 10 of the Dungeon
  7396 | D:10     | Noticed a hill giant
  7413 | D:10     | Killed a hill giant
  7573 | D:10     | Found a staircase to the Orcish Mines.
  7760 | D:10     | Noticed an unseen horror
  7772 | D:10     | Killed an unseen horror
  7968 | D:10     | Found a roughly hewn altar of Beogh.
  8170 | D:11     | Noticed a hill giant
  8176 | D:11     | Killed a hill giant
  8276 | D:11     | Found a staircase to the Lair.
  8577 | D:11     | Noticed a purple ugly thing
  8588 | D:11     | Killed a purple ugly thing
  9054 | D:12     | Reached skill level 12 in Unarmed Combat
  9133 | D:12     | Noticed an unseen horror
  9141 | D:12     | Killed an unseen horror
  9141 | D:12     | Reached XP level 12. HP: 100/130 MP: 11/11
  9168 | D:12     | Found an iron altar of Okawaru.
  9541 | Lair:1   | Entered Level 1 of the Lair of Beasts
 10175 | Lair:2   | Found a labyrinth entrance.
 10188 | Lair:2   | Reached skill level 1 in Invocations
 10263 | Lab      | Entered a labyrinth
 10355 | Lab      | Noticed a minotaur
 10359 | Lab      | Killed a minotaur
 10401 | Lair:2   | Identified a +5 rod of clouds (10/10) (You found it in a labyrinth)
 10501 | Lair:2   | Noticed WildSam's ghost (journeyman DsNe)
 10509 | Lair:2   | Killed WildSam's ghost
 10509 | Lair:2   | Reached skill level 13 in Unarmed Combat
 10509 | Lair:2   | Reached skill level 1 in Evocations
 10527 | Lair:2   | Found a staircase to the Snake Pit.
 11372 | Lair:3   | Noticed a death yak
 11372 | Lair:3   | Noticed a death yak
 11372 | Lair:3   | Noticed a death yak
 11372 | Lair:3   | Noticed a death yak
 11398 | Lair:3   | Noticed vev's ghost (journeyman DgVM)
 11403 | Lair:2   | Killed a death yak
 11406 | Lair:2   | Killed a death yak
 11586 | Lair:3   | Noticed an eight-headed hydra
 11591 | Lair:3   | Killed an eight-headed hydra
 11621 | Lair:3   | Killed vev's ghost
 11621 | Lair:3   | Reached XP level 13. HP: 105/139 MP: 14/14
 12640 | Lair:4   | Found a staircase to the Shoals.
 13080 | Lair:4   | Got a dull robe
 13092 | Lair:4   | Identified the +2 robe of Lugonu's Generosity {rElec rCorr MP-9 Int-4} (You found it on level 4 of the Lair of Beasts)
 13092 | Lair:4   | Lost intelligence.
 13557 | Lair:5   | Reached skill level 14 in Unarmed Combat
 13877 | Lair:5   | Reached skill level 5 in Invocations
 14400 | Lair:6   | Entered Level 6 of the Lair of Beasts
 14540 | Lair:6   | Reached ****** piety under Uskayaw
 14611 | Lair:6   | Reached skill level 15 in Unarmed Combat
 14839 | Lair:6   | Reached XP level 14. HP: 88/149 MP: 17/17
 14855 | Lair:6   | Reached skill level 5 in Evocations
 15191 | Lair:6   | Found a viscous altar of Jiyva.
 15191 | Lair:6   | Found a staircase to the Slime Pits.
 15633 | Lair:6   | Mangled by a death yak

Vault maps used:
D:1:      dpeg_arrival_simpleton_b, ashenzari_altar_1
D:2:      kennysheep_jessica_study
D:3:      first_bread
D:4:      uniq_blork_the_orc, uniq_pikel
D:5:      chequers_temple_overflow_minitemple, yredelemnul_altar_generic,
          gup_sewer_entry_glass, nemelex_diamond_rough_becter, uniq_menkaure
D:6:      uniq_crazy_yiuf_cottage
D:7:      serial_shops, shop_coins, uniq_duvessa
D:8:      enter_ossuary_2, serial_shops, shop, blue_anna_alchemist,
          serial_bayou_pond_e, uniq_joseph, uniq_maurice
D:9:      grunt_temple_overflow_open, serial_shops, shop, shop, grunt_potential,
          uniq_gastronok
D:10:     minmay_orc_entry_temple_small
D:11:     lair_0_dummy
D:12:     basic_altar
D:13:     hangedman_vaults_entry_quadrant_bands, serial_shops,
          bzr_entry_customers, shop, shop, kennysheep_little_box,
          nicolae_shop_behind_doors, hangedman_glass_teeth, fedhas_altar_3
Temple:   zaba_magenta_temple
Lair:2:   guppyfry_snake_entry_garden, lab_entry_generic, beast_lair_carwin_11,
          grunt_megastairs_3
Lair:3:   infiniplex_staircase_pool_2
Lair:4:   minmay_shoals_entry_lonely_mermaid
Lair:6:   minmay_lair_end_frog_pond, slime_altar_1, st_stairs_7,
          serial_bayou_shore_b, infiniplex_staircase_pool
Lab:      nicolae_lab_flowing_pool, lab_statue, labyrinth_skeletal_remains,
          nicolae_lab_hexagon, nicolae_lab_diamond, nicolae_lab_quarters,
          lab_hedge, nicolae_lab_very_dead_end, nicolae_lab_big_swirl
Sewer:    sewer_co_15_rooms
Ossuary:  ossuary_tomb_1

Skill      XL: |  1  2  3  4  5  6  7  8  9 10 11 12 13 14 |
---------------+-------------------------------------------+-----
Unarmed Combat | 3 4 5 6 7 9 11 12 13 15 | 15.7
Fighting       | 3 4 5 6 7 8 |  8.1
Dodging        | 3 4 5 6 7 |  7.8
Shields        | 3 4 5 6 7 8 9 |  9.0
Armour         | 1 3 4 |  4.1
Invocations    | 3 5 6 |  6.4
Evocations     | 2 4 5 |  5.7

Action                   |  1- 3 |  4- 6 |  7- 9 | 10-12 | 13-15 || total
-------------------------+-------+-------+-------+-------+-------++-------
Melee: Unarmed           |   104 |   139 |   341 |   698 |   390 ||  1672
 Fire: Hunting sling     |       |       |    28 |       |       ||    28
Throw: Large rock        |       |       |     4 |     8 |     3 ||    15
       Javelin           |       |       |       |     3 |       ||     3
Invok: Stomp             |       |       |     2 |    12 |     2 ||    16
       Grand Finale      |       |       |       |       |     1 ||     1
Evoke: Wand              |       |       |       |     8 |     6 ||    14
       Rod               |       |       |       |     4 |    21 ||    25
  Use: Scroll            |       |     3 |     6 |    18 |    10 ||    37
       Potion            |       |     1 |       |     8 |     3 ||    12
 Stab: Paralysed         |       |       |     8 |    42 |    26 ||    76
       Sleeping          |       |       |       |     2 |       ||     2
       Confused          |       |       |       |     1 |       ||     1
  Eat: Chunk             |    16 |    11 |    30 |    62 |    42 ||   161
Armor: Robe              |    27 |    23 |       |    13 |    91 ||   154
       Animal skin       |       |     2 |    61 |    87 |       ||   150
Dodge: Dodged            |    33 |    37 |   102 |   294 |   214 ||   680
Block: Shield            |    35 |    53 |   129 |   338 |   246 ||   801
       Reflection        |       |       |       |     7 |       ||     7
